 Dungeon Crawl Stone Soup version 0.19.5 (webtiles) character file.

81 Monsterracer the Slasher (level 4, 0/29 HPs)
             Began as a High Elf Skald on July 6, 2017.
             Was an Initiate of Ashenzari.
             Slain by an adder (3 damage)
             ... on level 3 of the Dungeon.
             The game lasted 00:05:02 (1991 turns).

Monsterracer the Slasher (High Elf Skald)           Turns: 1991, Time: 00:05:03

Health: 0/29       AC:  3    Str: 11    XL:     4   Next: 19%
Magic:  4/8        EV: 11    Int: 17    God:    Ashenzari [......]
Gold:   102        SH:  0    Dex: 14    Spells: 3 memorised, 2 levels left

rFire  . . .     SeeInvis .     a - +1 falchion
rCold  . . .     Gourm    .     b - +0 leather armour
rNeg   . . .     Faith    .     (no shield)
rPois  .         Spirit   .     (no helmet)
rElec  .         Reflect  .     (no cloak)
rCorr  .         Harm     .     (no gloves)
MR     .....                    (no boots)
Stlth  +.........               (no amulet)
                                (no ring)
                                (no ring)

@: lethally poisoned (0 -> -8), infused, very slightly contaminated
A: no striking features
a: Curse Item, Renounce Religion


You were on level 3 of the Dungeon.
You worshipped Ashenzari.
Ashenzari was noncommittal.
You were hungry.

You visited 1 branch of the dungeon, and saw 3 of its levels.

You collected 102 gold pieces.

Inventory:

Hand Weapons
 a - a +1 falchion (weapon)
Armour
 b - a +0 leather armour (worn)
Scrolls
 e - a scroll of blinking
 f - 2 scrolls of identify
 g - a scroll of magic mapping
 j - a scroll of immolation
Potions
 k - a potion of resistance
Books
 c - a book of Battle

   Spells                             Type                      Level
   a - Infusion                       Charms                       1
   b - Shroud of Golubria             Charms/Translocation         2
   c - Song of Slaying                Charms                       2
   d - Spectral Weapon                Hexes/Charms                 3
   e - Regeneration                   Charms/Necromancy            3
Comestibles
 d - a bread ration
 i - 2 fruits


   Skills:
 + Level 2.0 Fighting
 * Level 5.2 Long Blades
 - Level 0.8 Armour
 + Level 1.4 Dodging
 - Level 2.4 Spellcasting
 - Level 3.6 Charms


You had 2 spell levels left.
You knew the following spells:

 Your Spells              Type           Power        Failure   Level  Hunger
a - Infusion              Chrm           ##..         8%          1    #......
b - Song of Slaying       Chrm           ##......     10%         2    ##.....
c - Shroud of Golubria    Chrm/Tloc      #.........   21%         2    ##.....


Dungeon Overview and Level Annotations

Branches:
Dungeon (3/15)

Altars:
Ashenzari
Vehumet


Message History

You feel sick. The adder bites you.
* * * LOW HITPOINT WARNING * * *
You are lethally poisoned!
The adder poisons you! The quokka barely misses you.
You riposte.
You hit the quokka!
You kill the quokka!
Huge Dmg: -14%(-4hp) hp: 18%(5hp)
You miss the adder.
The adder is moderately wounded.
* * * LOW HITPOINT WARNING * * *
You feel sick. The adder completely misses you.
You riposte.
You closely miss the adder.
The adder is moderately wounded.
Damage: -4%(-1hp) hp: 14%(4hp) Unknown command.
You hit the adder.
The adder is heavily wounded.
* * * LOW HITPOINT WARNING * * *
You feel sick. The adder bites you but does no damage. The adder bites you.
You die...

### #<#
###.#####.#
#.........#
#.#.......#
###.#########
#..........
#.#.......#
#@######...
.......S>........
...##.#........
#.#........ #
#........
#........
#........
#........


You could see an adder.

Vanquished Creatures
  3 adders (D:2)
  A worm (D:2)
  2 dart slugs (D:1)
  A leopard gecko (D:1)
  3 giant cockroaches
  7 goblins
  2 hobgoblins (D:1)
  2 jackals (D:1)
  A quokka (D:3)
  6 bats
  2 frilled lizards (D:1)
  11 kobolds
  6 rats
47 creatures vanquished.

Notes
Turn   | Place    | Note
-------+----------+-------------------------------------------
     0 | D:1      | Monsterracer the High Elf Skald began the quest for the Orb.
     0 | D:1      | Reached XP level 1. HP: 14/14 MP: 4/4
   282 | D:1      | Reached skill level 3 in Long Blades
   372 | D:1      | Reached XP level 2. HP: 16/19 MP: 6/6
   379 | D:1      | Learned a level 2 spell: Song of Slaying
   382 | D:1      | Learned a level 2 spell: Shroud of Golubria
   488 | D:1      | Found a shattered altar of Ashenzari.
   565 | D:1      | Reached skill level 4 in Long Blades
   820 | D:1      | Became a worshipper of Ashenzari the Shackled
   953 | D:1      | Reached XP level 3. HP: 24/24 MP: 7/7
  1378 | D:2      | Learned a level 1 spell: Infusion
  1495 | D:2      | Reached skill level 5 in Long Blades
  1657 | D:2      | Reached XP level 4. HP: 29/29 MP: 4/8
  1895 | D:2      | Found a radiant altar of Vehumet.
  1991 | D:3      | Slain by an adder

Skill      XL: |  1  2  3 |
---------------+----------+-----
Long Blades    | 3 4 5 |  5.2
Fighting       | |  2.0
Armour         | |  0.8
Dodging        | |  1.4
Spellcasting   | |  2.4
Charms         | |  3.6

Action                   |  1- 3 |  4- 6 || total
-------------------------+-------+-------++-------
Melee: Falchion          |   115 |    16 ||   131
 Cast: Infusion          |     5 |     2 ||     7
  Use: Scroll            |     5 |     1 ||     6
       Potion            |       |     2 ||     2
 Stab: Sleeping          |     1 |       ||     1
  Eat: Chunk             |     3 |       ||     3
Armor: Leather armour    |    38 |     4 ||    42
Dodge: Dodged            |    78 |    10 ||    88
       Rpst.: Falchion   |    27 |     5 ||    32
